[Event "*** Titled Tuesday Blitz"]
[Site "Chess.com"]
[Date "2021.04.06"]
[Round "11"]
[White "MarcoRiehle"]
[Black "Zhigalko_Sergei"]
[Result "0-1"]
[WhiteElo "2674"]
[BlackElo "2898"]
[TimeControl "180+1"]
[EndTime "12:08:09 PDT"]
[Termination "Zhigalko_Sergei won by resignation"]

1. e4 c5 2. a3 e6 3. b4 cxb4 4. axb4 Bxb4 5. Bb2 Nf6 6. e5 Nd5 7. c4 Ne7 8. Qg4 Nf5 9. Bd3 h5 10. Qf3 Nc6 11. Ne2 Qg5 12. O-O O-O 13. Bxf5 exf5 14.
d4 d6 15. exd6 Bxd6 16. Nbc3 Qg4 17. Qd3 Rd8 18. h3 Qh4 19. Rfe1 Be6 20. Nb5 Bb4 21. Red1 Ne5 22. Qb3 Bxc4 23. Qxb4 Bxe2 24. Re1 Nd3 25. Qd2 Nxe1 26. Qxe2 Re8 27. Qd2 Qe4 28. f3 Qd3 29. Qxd3 Nxd3 30. Ba3 Red8 31. Rd1 Nf4 32. Kf2 a6 33.
Nc3 Rac8 34. Bc5 Ne6 35. Rb1 Nxc5 36. dxc5 Rxc5 37. Na4 Rb5 38. Rc1 Rb4 39. Ra1 Rc8 40.
Kg3 Rcc4 41. Nb6 h4+ 42. Kh2 Rxb6 43. Rd1 Rc2 44. f4 Rbb2 45. Kh1 b5 46. Rd8+ Kh7 47. Rd5 g6 48. Rd7 Kg7 49. Ra7 Ra2 50. Rb7 Rd2 51. Rb6 Rf2 52. Rb7 Rxf4 53. Kh2 Rff2 54. Kg1 Rxg2+ 55. Kh1 Rgb2 0-1

[Event "*** Titled Tuesday Blitz"]
[Site "Chess.com"]
[Date "2021.04.06"]
[Round "11"]
[White "Evgeny81"]
[Black "SF-96"]
[Result "0-1"]
[WhiteElo "2742"]
[BlackElo "2598"]
[TimeControl "180+1"]
[EndTime "12:08:12 PDT"]
[Termination "SF-96 won by resignation"]

1. e4 e5 2. Nf3 Nc6 3. d4 exd4 4. c3 d5 5. exd5 Qxd5 6. cxd4 Bb4+ 7. Nc3 Bg4 8. Be2 Bxf3 9. Bxf3 Qc4 10. Be3 Bxc3+ 11.
bxc3 Qxc3+ 12. Kf1 Nge7 13. Rc1 Qa3 14. d5 Rd8 15. g3 O-O 16. Kg2 Ne5 17. Rxc7 Nxf3 18. Qxf3 Nxd5 19. Rxb7 Nxe3+ 20. Qxe3 Qxe3 21. fxe3 Rd2+ 22.
Kf3 Rxa2 23. h4 Re8 24. Rc1 Ra3 25. Re7 Rf8 26. Rcc7 a5 27. Ra7 Ra1 28. h5 g6 29.
g4 Kg7 30. Re5 a4 31. Rea5 Re8 32. Rxa4 Re1 33. Ra3 Rf1+ 34. Kg2 Rf6 35. Rc7 g5 36. Rc5 h6 37. Kg3 Re4 38. Rf5 Rxf5 39. gxf5 Kf6 40. Ra6+ Kxf5 41. Rxh6 Rxe3+ 42. Kg2 f6 43. Rh8 Kg4 44.
h6 Re2+ 45. Kg1 Kg3 46. Kf1 Rh2 47. Kg1 g4 48. h7 f5 49. Kf1 f4 50. Ke1 f3 51. Kd1 Rh1+ 52. Kd2 f2 53. Rf8 Rxh7 54.
Ke3 Re7+ 55. Kd4 Kg2 0-1

[Event "*** Titled Tuesday Blitz"]
[Site "Chess.com"]
[Date "2021.04.06"]
[Round "11"]
[White "XDPS"]
[Black "GameOverBro"]
[Result "1-0"]
[WhiteElo "2729"]
[BlackElo "2519"]
[TimeControl "180+1"]
[EndTime "12:08:13 PDT"]
[Termination "XDPS won on time"]

1. e4 Nf6 2. e5 Nd5 3. Qf3 Nb6 4. a4 a5 5. b3 d5 6. exd6 exd6 7. Bb2 Nc6 8. Bb5 Bd7 9. Na3 Qh4 10. Ne2 Qg4 11.
Qe3+ Be7 12. O-O O-O 13. h3 Qe6 14. Qg3 Qg6 15. Qxg6 hxg6 16. Rfe1 Rfe8 17. Nf4 Bg5 18. Nd3 Bxd2 19. Red1 Bg5 20. Nc4 Nxc4 21. bxc4 b6 22. c5 Nb8 23. cxd6 cxd6 24. Bd4 Bxb5 25. axb5 Nd7 26.
Nb2 Rac8 27. c4 Re2 28. Kf1 Rc2 29. Rab1 Nc5 30. g3 Bf6 31. Bxf6 gxf6 32. Rxd6 Rxf2+ 33. Kxf2 Ne4+ 34. Ke3 Nxd6 35. Kd4 a4 36. Ra1 Ra8 37.
Rxa4 Rd8 38. Kc3 Ne4+ 39. Kb4 Nxg3 40. Ra6 Rb8 41. Na4 f5 42. Nxb6 f4 43. Nd7 Rd8 44.
Nf6+ Kg7 45. Ng4 f3 46. Ra3 f5 47. Nf2 Ne4 48. Rxf3 Nxf2 49. Rxf2 Rd3 50. c5 Rxh3 51. c6 Rh4+ 52. Kc5 Rh1 53. c7 Rf1 54. Rxf1 1-0

[Event "*** Titled Tuesday Blitz"]
[Site "Chess.com"]
[Date "2021.04.06"]
[Round "11"]
[White "albi1999"]
[Black "karinachess1"]
[Result "0-1"]
[WhiteElo "2581"]
[BlackElo "2503"]
[TimeControl "180+1"]
[EndTime "12:08:13 PDT"]
[Termination "karinachess1 won by checkmate"]

1. Nf3 Nf6 2. g3 g6 3. Bg2 Bg7 4. O-O O-O 5. b3 c5 6. c4 d5 7.
Bb2 d4 8. a3 Nc6 9. b4 Nd7 10.
b5 Na5 11. d3 e5 12. Nbd2 Rb8 13. e3 b6 14. Ne4 Bb7 15. exd4 cxd4 16. Re1 Qc7 17. a4 Rfe8 18. Ba3 Bxe4 19. Rxe4 Nb7 20. Re1 Nbc5 21. Ng5 h6 22. Ne4 Nxe4 23. Bxe4 Nc5 24.
Bd5 Kh7 25. h4 h5 26. Bc1 f5 27. a5 e4 28. Bf4 Be5 29. Bxe5 Qxe5 30. axb6 axb6 31.
Ra7+ Kh8 32. dxe4 fxe4 33. Qc2 Rbd8 34. Bf7 Rf8 35. Bxg6 e3 36. Rh7+ Kg8 37. f4 Qf6 38. Bd3 Rf7 39. Rxh5 Rg7 40. Rg5 Re8 41. Ra1 Rxg5 42.
hxg5 Qe6 43. Qe2 Nxd3 44. Qxd3 Qg4 45. Kg2 e2 46. Re1 Re3 47. Qg6+ Kf8 48. Qf6+ Ke8 49. Qc6+ Kf8 50. Ra1 Qxg3+ 51. Kh1 Qh3+ 52. Kg1 Rg3+ 53. Kf2 Qh2+ 54. Ke1 Rg1+ 55. Kd2 e1=Q+ 56. Kd3 Qe3# 0-1

[Event "*** Titled Tuesday Blitz"]
[Site "Chess.com"]
[Date "2021.04.06"]
[Round "11"]
[White "Isajevsky_Anton"]
[Black "PavelShkapenko"]
[Result "1-0"]
[WhiteElo "2585"]
[BlackElo "2697"]
[TimeControl "180+1"]
[EndTime "12:08:16 PDT"]
[Termination "Isajevsky_Anton won by resignation"]

1. c4 Nf6 2. Nc3 e6 3. Nf3 Bb4 4. Qc2 b6 5. a3 Bxc3 6. Qxc3 Bb7 7. b4 O-O 8. Bb2 d6 9. e3 Nbd7 10. Be2 a5 11. O-O Qe7 12. d3 Ra7 13. Qc2 Rfa8 14. Bc3 axb4 15. axb4 Rxa1 16. Rxa1 Qf8 17. Ra2 Rxa2 18.
Qxa2 Qa8 19. Qb2 e5 20. e4 Nf8 21. Nh4 Bc8 22. g3 Bh3 23. Nf5 Ne6 24. Ne7+ Kf8 25. Nd5 Nxd5 26. cxd5 Nd4 27. Bxd4 exd4 28. f3 f6 29. g4 h5 30. Kf2 h4 31. Qxd4 b5 32.
Qe3 Qa1 33. f4 Qb2 34. Qxh3 Qd4+ 35. Qe3 Qxb4 36. d4 Qa4 37. e5 b4 38. exf6 gxf6 39. Qe6 b3 40. Qxf6+ Kg8 41. Qg6+ Kf8 42. Qf5+ Kg8 43.
Bd3 b2 44. g5 Qd1 45. Ke3 Qe1+ 46. Kf3 Qd1+ 47. Kg2 Qd2+ 48. Kh3 Qe3+ 49. Kxh4 Qe1+ 50. Kh5 Qe8+ 51. g6 Qe7 52. Qf7+ Qxf7 53. gxf7+ Kxf7 54. Kg5 1-0

[Event "*** Titled Tuesday Blitz"]
[Site "Chess.com"]
[Date "2021.04.06"]
[Round "11"]
[White "A-Fier"]
[Black "Alexander_Zubov"]
[Result "0-1"]
[WhiteElo "2744"]
[BlackElo "2982"]
[TimeControl "180+1"]
[EndTime "12:08:17 PDT"]
[Termination "Alexander_Zubov won by resignation"]

1. d4 Nf6 2. Bg5 d5 3. Bxf6 gxf6 4. c4 dxc4 5. e3 e6 6. Nc3 a6 7. Bxc4 c5 8. Qh5 cxd4 9. Rd1 Qc7 10. Rxd4 Nc6 11.
Rd1 Ne5 12. Bb3 Bg7 13. Nge2 O-O 14. O-O f5 15. e4 fxe4 16. Nxe4 Bd7 17. N2g3 Bc6 18.
f4 Bxe4 19. Nxe4 Nc4 20. Rd3 b5 21. Rg3 f5 22. Ng5 h6 23. Nf3 Qxf4 24. Qg6 Ra7 25. Qxe6+ Kh8 26. Rg6 Qe3+ 27. Qxe3 Nxe3 28. Rc1 a5 29. Re6 f4 30. Nh4 Kh7 31. Ng6 Rf6 32.
Rxf6 Bxf6 33. Nxf4 Bxb2 34. Rc6 a4 35. Be6 Bd4 36.
Kh1 b4 37. Ne2 Bg7 38. Nc1 b3 39. axb3 a3 40. Na2 Bd4 41. h4 Rg7 42. Bh3 Re7 43.
Rd6 Bc5 44. Rc6 Bd4 45. Ra6 Nc2 46. Rxa3 Nxa3 47. Nb4 Re1+ 48. Kh2 Be5+ 49. g3 Re2+ 50. Bg2 Nc2 51. Kh3 Nxb4 52. Bf3 Re3 53. Kg4 h5+ 54.
Kxh5 Rxf3 55. g4 Rxb3 56. g5 Nd5 57. g6+ Kg7 58. Kg5 Bf6+ 59. Kh5 Ne7 60. Kg4 Nxg6 61. Kh5 Rb5+ 62. Kg4 Nxh4 63. Kf4 Ng6+ 64. Kg4 0-1

[Event "*** Titled Tuesday Blitz"]
[Site "Chess.com"]
[Date "2021.04.06"]
[Round "11"]
[White "bazar-wokzal"]
[Black "RobertoJBM"]
[Result "0-1"]
[WhiteElo "2586"]
[BlackElo "2706"]
[TimeControl "180+1"]
[EndTime "12:08:18 PDT"]
[Termination "RobertoJBM won by checkmate"]

1. e4 c6 2. d4 d5 3. e5 Bf5 4. Nc3 e6 5. g4 Bg6 6. Nge2 f6 7.
Nf4 fxe5 8. dxe5 Bf7 9. Qe2 Nd7 10. Bh3 Qh4 11. g5 O-O-O 12. Rg1 Bc5 13. Nd1 h5 14. g6 Be8 15. Nxe6 Qxh3 16. Nxd8 Kxd8 17. Bg5+ Kc8 18.
Nc3 Qxh2 19. O-O-O Qxf2 20. e6 Ndf6 21. Qd3 Ne7 22. Rgf1 Qg2 23. Bxf6 gxf6 24. Na4 Bxg6 25. Qc3 Bd6 26. Rg1 Qe4 27. Nc5 Qxc2+ 28. Qxc2 Bxc2 29.
Nxb7 Kxb7 30. Kxc2 Rh7 31. Rdf1 Be5 32. Rf3 Kc7 33.
b4 Kd6 34. a4 Kxe6 35. b5 cxb5 36. axb5 Nf5 37. Kd3 Nd6 38. Rb1 h4 39. Rh3 Bg3 40.
b6 axb6 41. Rxb6 Ra7 42. Ke2 Ra1 43. Kf3 Ke5 44. Rb8 Ne4 45. Re8+ Kf5 46. Rd8 Ng5+ 47. Kg2 Ra2+ 48. Kh1 Rd2 49. Re8 Kg4 50. Re1 Kxh3 51. Rf1 Ne4 52. Kg1 f5 53. Rxf5 Rd1+ 54. Rf1 Bf2+ 55.
Kh1 Ng3# 0-1

[Event "*** Titled Tuesday Blitz"]
[Site "Chess.com"]
[Date "2021.04.06"]
[Round "11"]
[White "GMaka"]
[Black "Mikhail_Golubev"]
[Result "0-1"]
[WhiteElo "2459"]
[BlackElo "2565"]
[TimeControl "180+1"]
[EndTime "12:08:18 PDT"]
[Termination "Mikhail_Golubev won by resignation"]

1. d4 Nf6 2. Bg5 Ne4 3. Bf4 c5 4. f3 Qa5+ 5. c3 Nf6 6. d5 Qb6 7. Bc1 e6 8. e4 exd5 9. exd5 d6 10. Na3 Be7 11. Bb5+ Nbd7 12. Ne2 O-O 13. O-O a6 14. Bc4 Qc7 15. Bb3 b5 16. c4 b4 17. Nc2 Nb6 18. Ne3 a5 19. Bc2 a4 20. Rb1 Re8 21.
b3 a3 22. Nf5 Bxf5 23. Bxf5 g6 24. Bd3 Bf8 25. Bf4 Bg7 26. Ng3 Nbd7 27. Qd2 Ne5 28. Rbe1 Nfd7 29. Bc2 Re7 30. Ne4 Rae8 31. Bg5 f6 32.
Bh4 Nf7 33. Re2 g5 34. Bg3 f5 35. Rfe1 fxe4 36. Bxe4 h6 37. Bh7+ Kf8 38. Be4 Nde5 39. h4 Qd7 40. hxg5 Nxg5 41. Qc2 Nxe4 42. Qxe4 Nf7 43. Qd3 Rxe2 44. Rxe2 Rxe2 45. Qxe2 Qf5 46. Kh2 Be5 47. Qe3 Qh5+ 48. Kg1 Bxg3 49. Qe6 Qe5 50. Kf1 Qxe6 51. dxe6 Ng5 52. e7+ Kxe7 53. Ke2 Ke6 54. Kd3 Ke5 55. f4+ 0-1

[Event "*** Titled Tuesday Blitz"]
[Site "Chess.com"]
[Date "2021.04.06"]
[Round "11"]
[White "Shahaliyev"]
[Black "Tpros"]
[Result "0-1"]
[WhiteElo "2627"]
[BlackElo "2525"]
[TimeControl "180+1"]
[EndTime "12:08:20 PDT"]
[Termination "Tpros won on time"]

1. Nf3 d5 2. b3 f6 3. Bb2 e5 4. c4 d4 5. e3 c5 6. Nh4 Be6 7. Bd3 Qd7 8. Qh5+ Bf7 9. Qf3 Ne7 10. b4 dxe3 11. Be4 exf2+ 12. Qxf2 Na6 13. bxc5 Bxc4 14. Nc3 Nc6 15. Ba3 Bd3 16. Nf5 Ncb4 17. Bxb4 Nxb4 18. Qf3 Nc2+ 19. Kd1 Bxe4 20. Nxe4 Nxa1 21. Ned6+ Bxd6 22. Nxd6+ Ke7 23. Qe4 b6 24. Ke2 bxc5 25. Nf5+ Kf7 26. Rxa1 Rhd8 27. d3 Rab8 28. Rc1 g6 29. Ne3 Rb2+ 30. Kf3 Qxd3 31. Qxd3 Rxd3 32. Ke4 Rd4+ 33.
Kf3 Rxa2 34. Rxc5 Rd7 35. Nd5 Rd2 36. Nb4 R2d6 37. Ra5 Ke6 38. g4 f5 39. gxf5+ gxf5 40. h4 h5 41. Ke3 Rb7 42. Nc2 Rb3+ 43. Ke2 Rb2 44. Rc5 Kd7 45. Kf3 Rc6 46. Rxe5 Rbxc2 47. Rxf5 R2c5 48. Rf7+ Ke6 49. Rxa7 Kf5 50. Rf7+ Kg6 51. Rf4 Rc3+ 52. Kg2 Rc2+ 53. Kh3 R2c3+ 54. Rf3 Rxf3+ 0-1

[Event "*** Titled Tuesday Blitz"]
[Site "Chess.com"]
[Date "2021.04.06"]
[Round "11"]
[White "elextranjero00"]
[Black "Cuajada_Zero"]
[Result "1-0"]
[WhiteElo "2555"]
[BlackElo "2309"]
[TimeControl "180+1"]
[EndTime "12:08:20 PDT"]
[Termination "elextranjero00 won on time"]

1. e4 c6 2. Nf3 d5 3. d3 dxe4 4. dxe4 Qxd1+ 5. Kxd1 Bg4 6. Be2 Nd7 7. Ne1 Bxe2+ 8.
Kxe2 e5 9. Nd3 Ngf6 10. f3 O-O-O 11. Be3 Kb8 12. Nd2 Bd6 13. Nc4 Bc7 14. a4 Rhe8 15.
Rhd1 h6 16. b4 Nb6 17. Bxb6 axb6 18. c3 Nh7 19. b5 f6 20. Rdb1 c5 21. a5 Re6 22. a6 Nf8 23. Ne3 Red6 24. Nd5 Rxd5 25. exd5 Rxd5 26. Nb2 bxa6 27. bxa6 Ne6 28. g3 Ka7 29. Nc4 Rd8 30. Rd1 Rxd1 31. Kxd1 Nd8 32. Kc2 Nc6 33. Rd1 Kxa6 34. Rd7 Bb8 35. Rxg7 b5 36.
Ne3 b4 37. Rg6 bxc3 38. Rxf6 Kb5 39. Kxc3 Nd4 40. Nd5 Ba7 41. Rf7 Bb8 42. Rb7+ Kc6 43.
Rxb8 Kxd5 44. Rf8 Ke6 45. Kc4 Ke7 46. Rh8 Nxf3 47. Rxh6 Kf7 48. Kxc5 e4 49. Kc4 e3 50.
Kd3 Ne5+ 51. Ke2 Ng4 52. Rh4 Ne5 53. Kxe3 Ng6 54. Rg4 1-0

[Event "*** Titled Tuesday Blitz"]
[Site "Chess.com"]
[Date "2021.04.06"]
[Round "11"]
[White "Vincent_Vega95"]
[Black "Chessmasterzt"]
[Result "1/2-1/2"]
[WhiteElo "2709"]
[BlackElo "2609"]
[TimeControl "180+1"]
[EndTime "12:08:21 PDT"]
[Termination "Game drawn by stalemate"]

1. d4 d6 2. c4 e5 3. Nf3 Nd7 4. e4 Ngf6 5. Nc3 g6 6. Be2 Bg7 7. O-O O-O 8. Be3 Re8 9. d5 Nh5 10. g3 Bf6 11. Qd2 a6 12. Ne1 Ng7 13. Nd3 Be7 14. b4 f5 15. f3 Rf8 16. c5 h5 17.
a4 h4 18. Kg2 Nf6 19. c6 b6 20. Bg5 h3+ 21. Kg1 Nxd5 22. Nxd5 Bxg5 23. f4 Bf6 24. fxe5 Bxe5 25. Nxe5 dxe5 26. Qc3 Be6 27. Rad1 Bxd5 28. Rxd5 Qg5 29. Bc4 Kh8 30. Rxe5 Rae8 31.
exf5 Rxe5 32. Qxe5 Rxf5 33. Rxf5 gxf5 34. Qf4 Qxf4 35.
gxf4 a5 36. bxa5 bxa5 37. Kf2 Nh5 38. Kf3 Kg7 39. Bf1 Kf6 40. Bxh3 Ng7 41. Bg2 Ne6 42. Bf1 Nd4+ 43. Ke3 Nxc6 44. h4 Kg6 45. Be2 Kf6 46.
h5 Nd8 47. Kd4 Ne6+ 48. Kc4 Nxf4 49. Bf3 Ne6 50. Bd5 Nf4 51. Bf3 Ne6 52. Kd5 Nf4+ 53. Kc6 Nd3 54. Kb5 Nb2 55. Kxa5 Nxa4 56. Kxa4 c5 57.
Kb3 c4+ 58. Kxc4 f4 59. Kd4 Kg5 60. Ke5 Kh6 61. Kf6 Kh7 62. Kg5 Kh8 63. h6 Kh7 64. Kh5 Kh8 65. Kg6 Kg8 66. h7+ Kh8 67. Kh6 1/2-1/2

[Event "*** Titled Tuesday Blitz"]
[Site "Chess.com"]
[Date "2021.04.06"]
[Round "11"]
[White "Harry_Rakkel"]
[Black "Slovak_fighter2000"]
[Result "1/2-1/2"]
[WhiteElo "2578"]
[BlackElo "2491"]
[TimeControl "180+1"]
[EndTime "12:08:23 PDT"]
[Termination "Game drawn - insufficient material"]

1. d4 Nf6 2. c4 g6 3. Nc3 Bg7 4. e4 d6 5. f3 O-O 6. Nge2 a6 7. Ng3 b5 8. cxb5 axb5 9. Bxb5 c6 10. Bd3 Nbd7 11.
O-O e5 12. dxe5 Nxe5 13. Be2 Qb6+ 14. Kh1 Rd8 15. Rb1 d5 16. exd5 Nxd5 17. Nxd5 Rxd5 18. Qb3 Qxb3 19. axb3 Be6 20. f4 Nd3 21. Bf3 Rd6 22.
Ne4 Rdd8 23. Ng5 Bd5 24. Be3 Nxb2 25. Bxd5 Rxd5 26. Rfc1 Ra6 27. Bg1 Nd3 28. Rc4 h6 29. Ne4 Nxf4 30. Nc5 Rxc5 31. Bxc5 Nd5 32. Ra4 Nc7 33.
Rxa6 Nxa6 34. Bd6 c5 35. Rc1 Bd4 36. Rc4 Be3 37. Ra4 Nb4 38. Ra8+ Kg7 39. Rc8 Nd3 40. g3 Nc1 41. Rb8 Kf6 42. Rb7 Ke6 43. Bf8 Kd5 44.
Kg2 h5 45. Rxf7 Nxb3 46. Rf3 Ke4 47. Rf6 Nd4 48. Rxg6 c4 49. Rg7 c3 50. Rc7 c2 51.
Ba3 Kd3 52. Bb2 Ne2 53. Kf3 Nd4+ 54. Bxd4 Bxd4 55. Rxc2 Kxc2 56. h4 Kd3 57. g4 hxg4+ 58. Kxg4 Ke4 59. h5 Ke5 60. h6 Kf6 61. h7 Kg7 62. Kf4 Kh8 63. Kf5 Kxh7 1/2-1/2

[Event "*** Titled Tuesday Blitz"]
[Site "Chess.com"]
[Date "2021.04.06"]
[Round "11"]
[White "onnoelgersma"]
[Black "PavelChernomordik"]
[Result "0-1"]
[WhiteElo "2410"]
[BlackElo "2345"]
[TimeControl "180+1"]
[EndTime "12:08:23 PDT"]
[Termination "PavelChernomordik won on time"]

1. d4 g6 2. Nf3 Bg7 3. h4 h6 4. e4 d6 5. Nc3 a6 6. a4 b6 7. Bf4 Bb7 8. Qd2 Nd7 9. Bc4 e6 10.
O-O Ne7 11. b4 d5 12. exd5 Nxd5 13. Nxd5 exd5 14. Rfe1+ Kf8 15. Bb3 c5 16. bxc5 bxc5 17. dxc5 Bxa1 18. Bd6+ Kg8 19. Rxa1 Nf6 20. Qd4 Kh7 21.
Re1 Re8 22. Rxe8 Nxe8 23. Be5 Rc8 24. h5 Qe7 25. hxg6+ fxg6 26. Qg4 Rxc5 27. Bd4 Rc7 28. c3 Bc8 29. Qf4 Be6 30. Bc2 Bf7 31. Ne5 Qg5 32. Qxg5 hxg5 33. Nf3 g4 34. Ne5 Be6 35. Nd3 Nd6 36. Nf4 Bf7 37. Kf1 Ne4 38. Bxe4 dxe4 39.
Ke2 Rc4 40. Ke3 Rxa4 41. Kxe4 Ra2 42. f3 g3 43. Ke3 Rc2 44. Bf6 a5 45. Kd3 Rf2 46.
Bh4 a4 47. Bxg3 Rb2 48. Bh4 a3 49. Bf6 Rb6 50. Bd4 a2 51. c4 Rd6 52. Nd5 Bxd5 0-1

[Event "*** Titled Tuesday Blitz"]
[Site "Chess.com"]
[Date "2021.04.06"]
[Round "11"]
[White "HouseOfDurin"]
[Black "malakismayil"]
[Result "0-1"]
[WhiteElo "2156"]
[BlackElo "2277"]
[TimeControl "180+1"]
[EndTime "12:08:24 PDT"]
[Termination "malakismayil won on time"]

1. d4 Nf6 2. Bg5 e6 3. e4 Be7 4. Bxf6 Bxf6 5. e5 Be7 6. Qg4 O-O 7. Bd3 f5 8. Qe2 c5 9. c3 Nc6 10. Nf3 cxd4 11. Nxd4 Nxd4 12. cxd4 Qb6 13. Nc3 Qxd4 14. O-O-O Qb6 15. g4 Bb4 16. gxf5 exf5 17. Bc4+ Kh8 18. Nd5 Qa5 19. Nxb4 Qxb4 20. Rd6 a6 21. Rhd1 b5 22. Bd5 Rb8 23. Kb1 Re8 24. Bf7 Rf8 25. Qh5 Qe4+ 26. Ka1 Qxe5 27. Bg6 h6 28. Bf7 Rxf7 29. Qxf7 Bb7 30.
Rxd7 Bf3 31. Rc1 Rg8 32. Re7 Qf4 33. Rce1 Be4 34. Qe6 Qxf2 35. Rxe4 fxe4 36. Qxe4 Qf1+ 37. Qe1 Qxe1+ 38. Rxe1 Rf8 39. a3 Rf2 40. Rh1 Kh7 41.
Ka2 a5 42. Kb3 Rf3+ 43. Kc2 Kg6 44. Rg1+ Kf6 45. Rd1 Rf2+ 46. Kc3 Rxh2 47. Rd5 b4+ 48. axb4 axb4+ 49. Kb3 h5 50. Rd6+ Ke5 51. Rb6 h4 52.
Rb5+ Kf4 53. Rxb4+ Kf5 54. Rb5+ Kg6 55. Rb6+ Kh5 56.
Rb5+ g5 0-1

[Event "*** Titled Tuesday Blitz"]
[Site "Chess.com"]
[Date "2021.04.06"]
[Round "11"]
[White "ChampStan"]
[Black "Grineva_Marianna"]
[Result "1-0"]
[WhiteElo "2056"]
[BlackElo "2233"]
[TimeControl "180+1"]
[EndTime "12:08:28 PDT"]
[Termination "ChampStan won by checkmate"]

1. d4 d6 2. c4 c6 3. Nf3 Nd7 4.
g3 Ngf6 5. Bg2 g6 6. O-O Bg7 7. Nc3 O-O 8. e4 e5 9. h3 Qe7 10. Re1 Rd8 11. Be3 Nf8 12. Qc2 a5 13.
Rad1 N6d7 14. b3 Ne6 15. Kh2 Ndf8 16. Qd2 Nxd4 17. Nxd4 exd4 18. Bxd4 Bxd4 19. Qxd4 Ne6 20. Qd2 Ng5 21. f4 Ne6 22. Qf2 Nc5 23. e5 Ne6 24. exd6 Rxd6 25. Ne4 Rxd1 26. Rxd1 Nf8 27. Qd4 f5 28. Nd6 Be6 29. Re1 Rd8 30. c5 b6 31.
Qe3 bxc5 32. Nc4 a4 33. bxa4 Rd4 34. Ne5 Qd6 35. Nxc6 Rd2 36. Re2 Rd3 37. Qe5 Qxe5 38.
Nxe5 Ra3 39. Rc2 Rxa4 40. Rxc5 Rxa2 41. g4 fxg4 42. hxg4 Kg7 43. Rc7+ Kg8 44. Kg3 Ra3+ 45. Kh4 Ra2 46. Bf3 Rf2 47. Kg5 h5 48. gxh5 gxh5 49. Bxh5 Nh7+ 50. Kh6 Rh2 51. Rg7+ Kf8 52. Rxh7 Rh1 53.
Kg5 Rg1+ 54. Kf6 Bg8 55. Nd7# 1-0

[Event "*** Titled Tuesday Blitz"]
[Site "Chess.com"]
[Date "2021.04.06"]
[Round "11"]
[White "hleol"]
[Black "Nicolas_Chess10"]
[Result "0-1"]
[WhiteElo "2338"]
[BlackElo "2443"]
[TimeControl "180+1"]
[EndTime "12:08:29 PDT"]
[Termination "Nicolas_Chess10 won by resignation"]

1. d4 Nf6 2. c4 e6 3. Nc3 Bb4 4. e3 O-O 5. Bd3 d5 6. a3 Bxc3+ 7. bxc3 b6 8. cxd5 exd5 9. Ne2 Ba6 10. O-O Bxd3 11. Qxd3 c5 12. Ng3 Re8 13. f3 Nc6 14.
Bb2 c4 15. Qd2 Na5 16. Rae1 Nb3 17. Qf2 Qd7 18. e4 Rf8 19. e5 Ne8 20. f4 f5 21.
Re3 Qe6 22. Nh5 g6 23. Ng3 Ng7 24. Nh1 Qe7 25. Rh3 Ne6 26. Qe3 h5 27. Ng3 h4 28.
Ne2 Kg7 29. Qf2 Rh8 30. Qe3 Raf8 31. Kh1 a5 32. Ng1 Kf7 33. Nf3 Ke8 34. a4 Rfg8 35. Ng5 Nxg5 36. fxg5 Rh5 37. Qf3 Qe6 38. Qf4 Rgh8 39.
Ba3 Kd7 40. Bd6 Kc6 41. Qe3 Kb7 42. Re1 R8h7 43. Qf4 Rh8 44. Qe3 Re8 45. Qf4 Qxd6 46. Qf3 Qc6 47. Qf4 Qxa4 48. Rxh4 Rxh4 49. Qxh4 Re7 50. Qh8 Qc6 51. Qf8 Qe6 52. Qd8 Rd7 53. Qf8 Qe7 54. Qf6 a4 55. e6 Rc7 56. Qxg6 a3 57. Qf6 a2 58. Qe5 a1=Q 59. Rxa1 Nxa1 60. g6 Nb3 61. Qxd5+ Rc6 62. Qd7+ Qxd7 63. exd7 Kc7 64. g7 Rg6 65. h4 Rxg7 66. h5 Kxd7 67. Kh2 Rh7 68. Kh3 Rxh5+ 69. Kg3 Rg5+ 70. Kf4 Rxg2 71. Kxf5 Re2 72. Kf4 Nc1 0-1

[Event "*** Titled Tuesday Blitz"]
[Site "Chess.com"]
[Date "2021.04.06"]
[Round "11"]
[White "GMRafpig"]
[Black "vinniethepooh"]
[Result "1-0"]
[WhiteElo "2623"]
[BlackElo "2720"]
[TimeControl "180+1"]
[EndTime "12:08:30 PDT"]
[Termination "GMRafpig won on time"]

1. c4 Nf6 2. Nc3 e5 3. Nf3 Nc6 4. e4 Bb4 5. d3 d6 6. a3 Bc5 7.
b4 Bd4 8. Nxd4 Nxd4 9. Ne2 c5 10. Nxd4 cxd4 11. Be2 a5 12. b5 O-O 13. O-O Nd7 14. f4 f5 15. exf5 Rxf5 16. Bg4 Rf6 17. Bf3 Qf8 18.
fxe5 dxe5 19. Bg5 Rf5 20. Bd5+ Kh8 21. Be6 Rxf1+ 22. Qxf1 Nf6 23. Bxc8 Rxc8 24. Qf5 Re8 25. Rf1 Kg8 26. Bxf6 Qxf6 27. Qxf6 gxf6 28. Rxf6 e4 29.
Rd6 exd3 30. Rxd4 Re2 31. Rxd3 Rc2 32. Rd8+ Kf7 33. Rd7+ Kg6 34. Rc7 b6 35. Rc6+ Kf5 36.
Rxb6 Rxc4 37. Rc6 Ra4 38. Rc3 Rd4 39. Rb3 Rd7 40. b6 Rb7 41. Kf2 Ke4 42. Rb5 a4 43. g4 Kd4 44. Rb4+ Kc5 45. h4 Kc6 46. Kg3 Kc5 47. g5 Kc6 48. Kg4 Kc5 49. h5 Kc6 50. g6 hxg6 51. hxg6 Kd6 52. Kg5 Ke7 53. Kh6 Rb8 54. b7 Kf6 55. Rb6+ Kf5 56. g7 Re8 57.
Kh7 Re4 58. g8=Q Rh4+ 59. Rh6 Rc4 60. Qg6+ Ke5 61. Qd6+ Kf5 62. Qd5+ 1-0

[Event "*** Titled Tuesday Blitz"]
[Site "Chess.com"]
[Date "2021.04.06"]
[Round "11"]
[White "yobdc"]
[Black "Gusarov91"]
[Result "0-1"]
[WhiteElo "2517"]
[BlackElo "2628"]
[TimeControl "180+1"]
[EndTime "12:08:31 PDT"]
[Termination "Gusarov91 won on time"]

1. d4 d5 2. Nf3 c6 3. Bf4 Nf6 4. e3 Bg4 5. Nbd2 Nbd7 6. h3 Bh5 7. Bd3 e6 8. c3 Be7 9. Qc2 Bg6 10. Ne5 Nxe5 11.
Bxe5 Bd6 12. f4 Bxe5 13. fxe5 Nh5 14. O-O Ng3 15. Rf3 Bxd3 16. Qxd3 Nf5 17. Raf1 O-O 18.
e4 Nh4 19. Rg3 Ng6 20. Nf3 f6 21. exf6 Qxf6 22. e5 Qf4 23. Rg4 Qf5 24. Qe3 Qc2 25.
Rf2 Qb1+ 26. Kh2 Rf5 27. Ng5 Raf8 28. Rxf5 exf5 29. Rf4 Nxf4 30. Qxf4 Re8 31. e6 h6 32. Qc7 Rf8 33. e7 hxg5 34. exf8=Q+ Kxf8 35. Qc8+ Kf7 36. Qxb7+ Kg8 37. Qxc6 Qe4 38. Qd6 Kh7 39. b4 f4 40.
Qd7 f3 41. gxf3 Qxf3 42. Qg4 Qxc3 43. Qh5+ Kg8 44. Qe8+ Kh7 45. Qh5+ Kg8 46. Qxg5 Qxd4 47. b5 Qb2+ 48. Kg3 Qxb5 49. Qd8+ Kf7 50. Qc7+ Kf6 51. Qxa7 Qd3+ 52. Kg2 Qe4+ 53. Kg3 d4 54. Qb6+ Kf7 55. Qc7+ Kg8 56. Qd8+ Kf7 57. Qd7+ Kg8 58. a4 d3 59. Qd8+ Kf7 60. Qd7+ Kf6 61. Qd6+ Kf5 62. Qd7+ Kg6 63.
Qd6+ Kh7 64. a5 Qe3+ 65. Kg2 d2 0-1

[Event "*** Titled Tuesday Blitz"]
[Site "Chess.com"]
[Date "2021.04.06"]
[Round "11"]
[White "xurramid77"]
[Black "AlexOstrovskiy"]
[Result "0-1"]
[WhiteElo "2633"]
[BlackElo "2751"]
[TimeControl "180+1"]
[EndTime "12:08:34 PDT"]
[Termination "AlexOstrovskiy won on time"]

1. e4 d5 2. exd5 Nf6 3. g3 Qxd5 4. Nf3 Bg4 5. Bg2 Qe6+ 6. Kf1 Nc6 7. h3 Bh5 8. d4 O-O-O 9. c3 Qc4+ 10. Kg1 e5 11. Nbd2 Qd3 12. g4 Bg6 13. Bf1 Qc2 14. Qxc2 Bxc2 15.
dxe5 Ne4 16. Nxe4 Bxe4 17. Bg2 Bxf3 18. Bxf3 Nxe5 19. Be2 Bc5 20. Kg2 Rhe8 21. b4 Bb6 22.
a4 a5 23. Ra2 Nd3 24. Rd1 Nxc1 25. Rxc1 Re4 26. Bf3 Rf4 27. bxa5 Bxa5 28. c4 Rd3 29. Be2 Rb3 30. c5 c6 31. Rc4 Rb4 32. Rxf4 Rxf4 33.
Kg3 g5 34. Bd3 h6 35. Bf5+ Kd8 36. Ra3 Rd4 37. Rb3 Bb4 38. Rd3 Rxd3+ 39. Bxd3 Bxc5 40. Kf3 Ke7 41. Ke2 Kd6 42. f3 Ke5 43. Bc4 f6 44. a5 Bb4 45. a6 bxa6 46. Bxa6 Kf4 47. Bb7 c5 48. Kd3 Kg3 49. Kc4 Kxh3 50. Bc6 Kg3 51.
Be4 Kh4 52. Bg6 Kg3 53. Be4 Kf4 54. Bd5 f5 55. gxf5 Kxf5 56. Be4+ Kf4 57. Bc6 h5 58. Kd3 h4 59. Ke2 c4 60. Be4 h3 61. Kf2 g4 0-1

[Event "*** Titled Tuesday Blitz"]
[Site "Chess.com"]
[Date "2021.04.06"]
[Round "11"]
[White "Xeniya2005"]
[Black "eduardoperalta"]
[Result "1-0"]
[WhiteElo "2351"]
[BlackElo "2473"]
[TimeControl "180+1"]
[EndTime "12:08:34 PDT"]
[Termination "Xeniya2005 won by resignation"]

1. e4 c5 2. Nf3 Nc6 3. Bb5 g6 4. O-O Bg7 5. c3 Nf6 6. Re1 O-O 7. d4 cxd4 8. cxd4 d5 9. e5 Ne4 10. Bxc6 bxc6 11. Be3 Rb8 12. Qc1 Bg4 13. Nfd2 Nxd2 14. Nxd2 Qb6 15. Nb3 a5 16. h3 Bf5 17. Re2 f6 18. e6 g5 19. Nc5 Qb5 20. Qd1 Rfd8 21. Rc1 Rbc8 22. Rc3 g4 23. hxg4 Bxg4 24. f3 Bf5 25. g4 Bg6 26. f4 f5 27. Rb3 Qc4 28. Rc2 fxg4 29. Rxc4 dxc4 30. Rb7 h5 31. Rxe7 Bf6 32.
Rd7 Re8 33. Qf1 Bf5 34. Qxc4 h4 35. Qe2 Rb8 36. Rf7 Rf8 37. Rxf8+ Rxf8 38. Nd7 Bxe6 39.
Nxf8 Kxf8 40. Bf2 Kf7 41. Qe4 g3 42. Qh7+ Ke8 43. Qc7 gxf2+ 44. Kxf2 Bxd4+ 45. Kf3 Bd5+ 46. Kg4 a4 47. Kxh4 Bf6+ 48. Kg4 Bd8 49. Qe5+ Kd7 50.
Qd4 Kc7 51. Qxa4 Bf6 52. b3 Kd6 53. Qb4+ Ke6 54. f5+ Kf7 55. Qb7+ Kf8 56. Qc8+ Kf7 57. Qd7+ Be7 58. a4 Kf6 59. a5 Bxb3 60. Qxc6+ Kf7 61. a6 Bd1+ 62. Kf4 Bd8 63. a7 1-0